 Dungeon Crawl Stone Soup version 0.30-a0-297-g0ec75d9ef4 (webtiles) character file.

Game seed: 4202123003411740705

46 lunkers the Cutter (level 4, -1/33 HPs)
             Began as a Meteoran Wanderer on Oct 19, 2022.
             Slain by Grinder (2 damage)
             ... while paralysed by Grinder
             ... on level 3 of the Dungeon.
             The game lasted 00:02:21 (1015 turns).

lunkers the Cutter (Meteoran Wanderer)              Turns: 1015, Time: 00:02:21

Health: -1/33      AC:  3    Str: 12    XL:     4   Next: 15%
Magic:  11/11      EV:  2    Int: 13    God:
Gold:   50         SH:  0    Dex: 17    Spells: 10/11 levels left

rFire   . . .      SeeInvis .    a - +2 short sword
rCold   . . .      Faith    .    (no shield)
rNeg    . . .      Spirit   .    d - +0 robe
rPois   .          Reflect  .    (no helmet)
rElec   .          Harm     .    (no cloak)
rCorr   .          Rampage  .    b - +0 pair of gloves
Will    .....                    (no boots)
Stlth   +.........               (no amulet)
HPRegen 0.25/turn                (no ring)
MPRegen 0.12/turn                (no ring)

@: paralysed, glowing
A: sense surroundings 1, otherworldly, glowing, explore regen
a: no special abilities


You were on level 3 of the Dungeon.
You visited 1 branch of the dungeon, and saw 3 of its levels.

You collected 50 gold pieces.

Inventory:

Hand Weapons
 a - a +2 short sword (weapon)
 q - a +0 dagger of speed
Missiles
 t - 3 datura-tipped darts
Armour
 b - a +0 pair of gloves (worn)
 d - a +0 robe (worn)
 l - a +0 kite shield
Wands
 s - a wand of flame (8)
Scrolls
 c - 2 scrolls of blinking
 e - 3 scrolls of noise {unknown}
 h - 3 scrolls of teleportation {unknown}
 i - a scroll of enchant weapon {unknown}
 k - a scroll of fear {unknown}
 n - a scroll of fog {unknown}
 o - a scroll of immolation {unknown}
 r - a scroll of identify {unknown}
Potions
 f - a potion of degeneration {unknown}
 g - a potion of attraction {unknown}
 j - a potion of mutation {unknown}
 m - 2 potions of brilliance {unknown}
 p - 2 potions of lignification {unknown}
 u - a potion of berserk rage {unknown}


   Skills:
 + Level 5.8 Short Blades
 - Level 1.2 Throwing
 - Level 1.4 Stealth
 - Level 4.0 Spellcasting


You had 10 spell levels left.
You knew the following spells:

 Your Spells              Type           Power      Damage    Failure   Level
p - Kiss of Death         Conj/Necr      8%         2d6       21%         1

Your spell library contained the following spells:

 Spells                   Type           Power      Damage    Failure   Level
 Beastly Appendage        Tmut           4%         N/A       21%         1
 Wereblood                Tmut           2%         N/A       30%         2
 Inner Flame              Hex/Fire       2%         N/A       52%         3
 Spider Form              Tmut/Pois      2%         N/A       52%         3
 Stone Arrow              Conj/Erth      4%         3d7       52%         3
 Flame Wave               Conj/Fire      2%         2d4       90%         4
 Sticky Flame             Conj/Fire      2%         2d3       90%         4


Dungeon Overview and Level Annotations

Branches:
Dungeon (3/15) Zot: 812

Altars:
Hepliaklqana
Makhleb

Annotations:
D:3 Grinder


Innate Abilities, Weirdness & Mutations

You passively map a small area around you.
You are easily found by Zot.
You glow in the dark.
You regain HP and MP as you explore.


Message History

Grinder is severely wounded.
Grinder gestures at you.
You suddenly lose the ability to move!
Grinder gestures at you.
You shrug off the repeated paralysis!
Grinder gestures at you. Pain shoots through your body!
* * * LOW HITPOINT WARNING * * *
You can move again.
Unknown command.
Unknown command.
Unknown command.
Unknown command.
Aiming: Throw Flame
Press: ? - help, Shift-Dir - straight line, f/p - Grinder
Aim: Grinder (severely wounded, 64% to hit)
The puff of flame hits Grinder.
Grinder is severely wounded.
Unknown command.
You hit Grinder but do no damage.
Grinder is severely wounded.
Grinder hits you.
* * * LOW HITPOINT WARNING * * *
You hit Grinder but do no damage.
Grinder is severely wounded.
You closely miss Grinder.
Grinder is severely wounded.
Grinder barely misses you.
You hit Grinder.
Grinder is almost dead.
Grinder gestures at you.
You suddenly lose the ability to move!
Grinder hits you!
* * * LOW HITPOINT WARNING * * *
You writhe in agony.
* * * LOW HITPOINT WARNING * * *
Grinder hits you.
* * * LOW HITPOINT WARNING * * *
Grinder hits you.
You die...

#............ *
#.....####.. .# #.....#
, .# #.....#### .#
#..###.#.## .# #..#
##.#.# .## #..# #.#.##
..# ,
#..####.#.###..#####
#.....####..@....?.. * ,
#.....# #..5....... +
#.....####.......... ,
**#................... *
# +................... ,
* * # *
*#.(............#####***
# ####...........#
###### #...........#
#..... ,,, #...........#
#....


You could see Grinder.

Vanquished Creatures
  2 dart slugs
  4 orcs (D:3)
  7 endoplasms
  2 giant cockroaches (D:2)
  3 goblins
  3 hobgoblins
  A quokka (D:1)
  A ball python (D:1)
  A bat (D:2)
  2 frilled lizards
  5 kobolds
  5 rats
36 creatures vanquished.

Vanquished Creatures (others)
  A plant (D:3)
1 creature vanquished.

Grand Total: 37 creatures vanquished

Notes
Turn   | Place    | Note
-------+----------+-------------------------------------------
     0 | D:1      | lunkers the Meteoran Wanderer began the quest for the Orb.
     0 | D:1      | lunkers set off with the following items: a +2 short sword,
                  | a +0 pair of gloves, a scroll of blinking, a +0 robe; and
                  | the following spell memorised: Kiss of Death; and the
                  | following spells available to memorise: Stone Arrow.
     0 | D:1      | Reached XP level 1. HP: 14/14 MP: 6/6
   165 | D:1      | Reached XP level 2. HP: 18/20 MP: 8/8
   462 | D:2      | Reached skill level 5 in Short Blades
   604 | D:2      | Reached XP level 3. HP: 21/26 MP: 9/9
   685 | D:2      | Found a burning altar of Makhleb.
   872 | D:3      | Reached XP level 4. HP: 29/33 MP: 11/11
   932 | D:3      | Found a hazy altar of Hepliaklqana.
   990 | D:3      | Noticed Grinder
  1004 | D:3      | Paralysed by Grinder for 4 turns
  1012 | D:3      | Paralysed by Grinder for 5 turns
  1014 | D:3      | HP: 1/33 [Grinder (4)]
  1015 | D:3      | Slain by Grinder

Illustrated notes

Levels and vault maps discovered:
D:1:      minmay_arrival_nine_rooms, layout_basic, due_unseen_surprise
D:2:      layout_basic, basic_altar, minmay_rat_gold_closets
D:3:      cheibrodos_helix_gallery, layout_basic,
          nicolae_hepliaklqana_hazy_memory, hangedman_feature_mirror,
          minivault_24, uniq_grinder

Skill      XL: |  1  2 |
---------------+-------+-----
Short Blades   | 5 |  5.8
Throwing       | |  1.2
Stealth        | |  1.4
Spellcasting   | |  4.0

Action                   |  1- 3 |  4- 6 || total
-------------------------+-------+-------++-------
Melee: Short sword       |    88 |    19 ||   107
       Punch             |     1 |       ||     1
Evoke: Wand              |       |    14 ||    14
Armor: Robe              |    15 |       ||    15
Dodge: Dodged            |    20 |     3 ||    23

Table legend: (Time is in decaauts)
 A = Elapsed time spent in this place.
 B = Non-inter-level travel time spent in this place.
 C = Inter-level travel time spent in this place.
 D = Time resting spent in this place.
 E = Time spent auto-exploring this place.
 F = Levels seen in this place.
 G = Mean time per level.
                   A        B        C        D        E       F      G
               +--------+--------+--------+--------+--------+-----+--------+
         Total |    986 |    955 |     31 |      0 |    643 |   3 |  328.7 |
       Dungeon |    986 |    955 |     31 |      0 |    643 |   3 |  328.7 |
               +--------+--------+--------+--------+--------+-----+--------+

Top non-repeatable levels by time:
     D:1: 430 daAuts
     D:2: 350 daAuts
     D:3: 205 daAuts
